 Dungeon Crawl Stone Soup version 0.28.0-53-g5a82cb258f (webtiles) character file.

Game seed: 7228692299274460311

35 Zeld the Chiller (level 3, -1/16 HPs)
             Began as a Vine Stalker Ice Elementalist on June 12, 2022.
             Slain by a gnoll
             ... wielding a +0 club
              (7 damage)
             ... on level 2 of the Dungeon.
             The game lasted 00:02:35 (2278 turns).

Zeld the Chiller (Vine Stalker Ice Elementalist)    Turns: 2278, Time: 00:02:35

Health: -1/16      AC:  2    Str: 10    XL:     3   Next: 35%
Magic:  0/8        EV: 12    Int: 17    God:
Gold:   30         SH:  0    Dex: 14    Spells: 0/7 levels left

rFire   + + .      SeeInvis .   (no weapon)
rCold   . . .      Faith    .   (no shield)
rNeg    . . .      Spirit   +   a - +0 robe
rPois   .          Reflect  .   l - +0 hat of Fir Muus {rF++ rCorr}
rElec   .          Harm     .   (no cloak)
rCorr   +          Rampage  .   (no gloves)
Will    .....                   (no boots)
Stlth   ++........              (no amulet)
HPRegen 0.05/turn               (no ring)
MPRegen 0.11/turn               (no ring)

@: freezing walls
A: fangs 2, magic shield, antimagic bite, no potion heal 2
a: no special abilities


You were on level 2 of the Dungeon.
You visited 1 branch of the dungeon, and saw 3 of its levels.

You collected 30 gold pieces.

Inventory:

Armour
 a - a +0 robe (worn)
 l - the +0 hat of Fir Muus (worn) {rF++ rCorr}
   (You found it on level 2 of the Dungeon)

   rF:        It greatly protects you from fire.
   rCorr:     It protects you from acid and corrosion.
Scrolls
 c - a scroll of fog {unknown}
 d - a scroll of teleportation {unknown}
 f - a scroll of blinking {unknown}
 i - a scroll of noise {unknown}
 k - a scroll of identify {unknown}
Potions
 b - 3 potions of heal wounds {unknown}
 e - a potion of invisibility {unknown}
 g - a potion of might {unknown}
 h - a potion of resistance {unknown}
 j - a potion of ambrosia {unknown}
 m - a potion of attraction {unknown}


   Skills:
 + Level 1.8 Dodging
 + Level 3.0 Stealth
 * Level 2.8 Spellcasting
 * Level 4.4 Ice Magic


You couldn't memorise any spells.
You knew the following spells:

 Your Spells              Type           Power      Damage    Failure   Level
a - Freeze                Ice            68%        1d8       3%          1
b - Frozen Ramparts       Ice            34%        1d5       9%          3
c - Ozocubu's Armour      Ice            17%        N/A       9%          3

Your spell library contained the following spells:

 Spells                   Type           Power      Damage    Failure   Level
 Ensorcelled Hibernation  Hex/Ice        18%        N/A       11%         2
 Spider Form              Tmut/Pois      2%         N/A       47%         3
 Hailstorm                Conj/Ice       9%         3d4       58%         4
 Ice Form                 Ice/Tmut       9%         N/A       58%         4
 Olgreb's Toxic Radiance  Pois           2%         N/A       87%         4
 Freezing Cloud           Conj/Ice/Air   3%         6-21      95%         5


Dungeon Overview and Level Annotations

Branches:
Dungeon (3/15)

Altars:
Makhleb

Shops:
D:1 (((*(


Innate Abilities, Weirdness & Mutations

You have extremely sharp teeth.
When hurt, damage is shared between your health and your magic reserves.
Your bite disrupts and absorbs the magic of your enemies.
Potions cannot restore your health.


Message History

The bat hits you but does no damage. x2
The bat closely misses you.
You hit the bat.
You kill the bat!
You start resting.
Magic restored.
You start resting.
HP restored.
You start waiting.
There is a stone staircase leading up here.
You climb upwards.
The gnoll hits you with a +0 flail. The gnoll closely misses you.
There is a stone staircase leading down here.
Unknown command.
Casting: Freeze (safe; 3% risk of failure)
Confirm with . or Enter, or press ? or * to list all spells.
The spell is extremely dangerous to miscast (9% risk of failure)!
Continue anyway?
Casting: Frozen Ramparts (extremely dangerous; 9% risk of failure)
Press: ? - help, Dir - look around, f - activate A stone staircase leading down.
The walls around you are covered in ice.
The wall freezes the gnoll.
The gnoll barely misses you.
The wall freezes the gnoll.
The gnoll hits you with a +0 club.
Unknown command.
Casting: Frozen Ramparts (extremely dangerous; 9% risk of failure)
Confirm with . or Enter, or press ? or * to list all spells.
Aiming: Freeze (safe; 3% risk of failure)
Press: ? - help, Shift-Dir - straight line, f - gnoll
Aim: a gnoll, wielding a +0 flail (lightly wounded)
You freeze the gnoll!
The gnoll is severely wounded.
The wall freezes the gnoll.
The gnoll barely misses you.
The wall freezes the rat.
You kill the rat!
The wall freezes the gnoll. x2; The gnoll hits you with a +0 club.
You closely miss the gnoll.
The gnoll is almost dead.
The wall freezes the gnoll.
The gnoll barely misses you.
The wall freezes the gnoll.
The gnoll hits you with a +0 club!
You die...

#.###.# #..##.####
##.......#####
######...........##
#...###......###..#####
#...# #.#.##..........#
#...# #......PP#+..##.#
#...# #..g#..#.P....#.# #
#...# #..@g..#..P.....# #
##...###.##g..#......#.##.#
#..S.g....#...#.....P#.##..
#.#########.#.....P....####
#.....r.g..<..#......#.#
###########.#.##.#####.#
#...<...#..........#
#.#.#.#.############
#.#...#.#


You could see 3 gnolls.

Vanquished Creatures
  A gnoll (D:1)
  An adder (D:3)
  2 endoplasms (D:1)
  A giant cockroach (D:1)
  A goblin (D:1)
  2 hobgoblins (D:2)
  A quokka (D:1)
  2 ball pythons
  A bat (D:3)
  A frilled lizard (D:1)
  2 kobolds (D:2)
  2 rats
17 creatures vanquished.

Notes
Turn   | Place    | Note
-------+----------+-------------------------------------------
     0 | D:1      | Zeld the Vine Stalker Ice Elementalist began the quest for
                  | the Orb.
     0 | D:1      | Reached XP level 1. HP: 9/9 MP: 4/4
    50 | D:1      | Found a burning altar of Makhleb.
   155 | D:1      | Found Usihec's General Store.
   274 | D:1      | Got the Collected Works on Venom and Cold
   324 | D:1      | Found Genulo's Weapon Boutique.
   340 | D:1      | Reached XP level 2. HP: 7/13 MP: 1/6
   498 | D:1      | Found Plog's Antique Weapon Shoppe.
   542 | D:1      | Found Omeczeast's Weapon Emporium.
  1239 | D:2      | Identified the +0 hat of Fir Muus {rF++ rCorr}
  1608 | D:1      | Reached XP level 3. HP: 4/16 MP: 1/8
  1952 | D:1      | Learned a level 3 spell: Frozen Ramparts
  1956 | D:1      | Learned a level 3 spell: Ozocubu's Armour
  2278 | D:2      | Slain by a gnoll

Illustrated notes

Levels and vault maps discovered:
D:1:      dpeg_arrival_lava_altar, layout_basic, serial_shops,
          nicolae_shop_competitors_out_of_business, nicolae_shop_hallway_stairs,
          shop, shop, shop, bh_walls_and_bars
D:2:      cheibrodos_old_hovel, layout_basic, minmay_misc_feat_hallway
D:3:      layout_loops_corners

Skill      XL: |  1  2  3 |
---------------+----------+-----
Stealth        | 3 |  3.0
Dodging        | |  1.8
Spellcasting   | |  2.8
Ice Magic      | |  4.4

Action                   || total
-------------------------++-------
Melee: Unarmed           ||    14
       Punch             ||     1
       Bite              ||     1
 Cast: Freeze            ||    27
       Frozen Ramparts   ||     1
 Stab: Sleeping          ||     1
Armor: Robe              ||     8
Dodge: Dodged            ||    27
